 Dungeon Crawl Stone Soup version 0.29-a0-321-gf1c400731a (webtiles) character file.

Game seed: 3333179371875913885

71891 Rappanathuk the Protected (level 15, -37/138 HPs)
             Began as a Hill Orc Fighter on Apr 4, 2022.
             Annihilated by Polyphemus (46 damage)
             ... on level 3 of the Shoals.
             The game lasted 02:35:26 (21549 turns).

Rappanathuk the Protected (Hill Orc Fighter)       Turns: 21549, Time: 02:35:26

Health: -37/138    AC: 37    Str: 25    XL:     15   Next: 38%
Magic:  4/4        EV:  3    Int: 14    God:
Gold:   457        SH:  0    Dex: 14    Spells: 14/14 levels left

rFire   . . .      SeeInvis .   a - +8 trident "Gaipp" {flame, *Noise +Blink rElec MP-9}
rCold   . . .      Faith    .   z - +0 tower shield
rNeg    . . .      Spirit   .   d - +6 crystal plate armour of Curiosity {Regen+ Int+4}
rPois   +          Reflect  .   (helmet restricted)
rElec   +          Harm     .   f - +1 cloak {Stlth+}
rCorr   .          Rampage  .   S - +0 pair of gloves
Will    +....                   h - +2 pair of boots
Stlth   ..........              (no amulet)
HPRegen 1.13/turn               P - ring of flight
MPRegen 0.09/turn               q - ring "Oblyorgh" {rPois Int+2 Dex+2}

@: confused, ambrosia-drunk, flying
A: horns 1, low MP 1
a: Evoke Blink


You were on level 3 of the Shoals.
You visited 3 branches of the dungeon, and saw 19 of its levels.

You collected 1418 gold pieces.
You spent 961 gold pieces at shops.

Inventory:

Hand Weapons
 a - the +8 trident "Gaipp" (weapon) {flame, *Noise +Blink rElec MP-9}
   (You found it on level 4 of the Dungeon)

   It burns those it strikes, dealing additional fire damage.
   rElec:     It insulates you from electricity.
   MP:        It affects your magic capacity (-9).
   +Blink:    It lets you blink.
   *Noise:    It may make noises in combat.
 b - the +7 great sword "Goalalu" {freeze, rF+}
   (You took it off a deep elf pyromancer on level 12 of the Dungeon)

   It freezes those it strikes, dealing additional cold damage.
   It can also slow down cold-blooded creatures.
   rF:        It protects you from fire.
 c - a +7 war axe of venom
 o - a +4 longbow
 Z - a +2 morningstar of flaming
Missiles
 u - 4 silver boomerangs
 A - 6 boomerangs of dispersal
 B - 4 curare-tipped darts
 C - 62 poisoned darts
 F - 3 atropa-tipped darts
 X - 7 boomerangs
Armour
 d - the +6 crystal plate armour of Curiosity (worn) {Regen+ Int+4}
   (You acquired it on level 6 of the Dungeon)

   Int:       It affects your intelligence (+4).
   Regen:     It increases your rate of health regeneration.
 e - a +3 chain mail of fire resistance
 f - a +1 cloak of stealth (worn)
 g - a +0 buckler
 h - a +2 pair of boots (worn)
 z - a +0 tower shield (worn)
 H - a +4 plate armour of positive energy
 S - a +0 pair of gloves (worn)
Magical Staves
 t - a staff of earth
 K - a staff of fire
 W - a staff of death
Jewellery
 i - a ring of poison resistance
 q - the ring "Oblyorgh" (right hand) {rPois Int+2 Dex+2}
   (You acquired it on level 6 of the Dungeon)

   [ring of poison resistance]

   Int:       It affects your intelligence (+2).
   Dex:       It affects your dexterity (+2).
   rPois:     It protects you from poison.
 w - a ring of willpower
 E - a ring of positive energy
 J - a ring of ice
 P - a ring of flight (left hand)
Wands
 v - a wand of digging (10)
 G - a wand of polymorph (4)
 O - a wand of iceblast (3) (quivered)
 U - a wand of charming (6)
 V - a wand of acid (4)
Scrolls
 k - 3 scrolls of silence
 n - 14 scrolls of teleportation
 r - 3 scrolls of blinking
 y - 2 scrolls of fog
 D - 5 scrolls of identify
 Q - a scroll of fear
Potions
 j - 6 potions of ambrosia
 l - 2 potions of might
 p - 5 potions of resistance
 s - 2 potions of heal wounds
 x - 2 potions of brilliance
 I - 2 potions of haste
 L - 2 potions of flight
 M - a potion of magic {unknown}
 N - 2 potions of berserk rage
 T - 3 potions of curing
Miscellaneous
 m - a lightning rod (4/4)
 R - a phial of floods


   Skills:
 + Level 14.2 Fighting
 + Level 8.8(13.3) Axes
 - Level 13.5(14.2) Polearms
 + Level 11.4 Throwing
 + Level 14.5 Armour
 + Level 2.0 Dodging
 + Level 1.2 Stealth
 + Level 10.0 Shields
 + Level 2.5 Evocations


You had 14 spell levels left.
You didn't know any spells.
Your spell library contained the following spells:

 Spells                   Type           Power      Damage    Failure   Level
 Animate Skeleton         Necr           0%         N/A       100%        1
 Apportation              Tloc           0%         N/A       100%        1
 Freeze                   Ice            0%         1d3       100%        1
 Magic Dart               Conj           0%         1d3       100%        1
 Summon Small Mammal      Summ           0%         N/A       100%        1
 Searing Ray              Conj           0%         2d4       100%        2
 Call Canine Familiar     Summ           0%         N/A       100%        3
 Dazzling Flash           Conj/Hex       0%         N/A       100%        3
 Frozen Ramparts          Ice            0%         1d2       100%        3
 Summon Guardian Golem    Hex/Summ       0%         N/A       100%        3
 Airstrike                Air            0%         N/A       100%        4
 Fulminant Prism          Conj/Hex       0%         3d6       100%        4
 Hailstorm                Conj/Ice       0%         3d3       100%        4
 Iskenderun's Mystic Bla  Conj/Tloc      0%         2d3       100%        4
 Summon Lightning Spire   Summ/Air       0%         N/A       100%        4
 Lightning Bolt           Conj/Air       0%         1d11      100%        5
 Starburst                Conj/Fire      0%         6d3       100%        6
 Orb of Destruction       Conj           0%         9d5       100%        7
 Spellforged Servitor     Conj/Summ      0%         N/A       100%        7


Dungeon Overview and Level Annotations

Branches:
Dungeon (14/15)            Temple (0/1) D:6            Lair (2/6) D:10
 Shoals (3/4) Lair:2          Orc (0/2) D:9          Vaults (0/5) D:13
  Snake: Lair:2-4    Spider: Lair:2-4

Altars:
Makhleb
Ru
Xom
Beogh

Shops:
D:3 [   D:11 [   D:12 [   Shoals:2 (?[(

Annotations:
Shoals:3 Polyphemus


Innate Abilities, Weirdness & Mutations

You have a pair of small horns on your head.
Your magical capacity is low. (-10% MP)


Message History

* * * LOW HITPOINT WARNING * * *
You are confused.
You feel invigorated.
A nearby plant withers and dies.
The harpy is no longer petrified.
Polyphemus hits you but does no damage. x2
The death yak completely misses you. The death yak barely misses you.
The death yak gores you.
* * * LOW HITPOINT WARNING * * *
The death yak completely misses you. Polyphemus hits you.
* * * LOW HITPOINT WARNING * * *
Polyphemus hits you.
* * * LOW HITPOINT WARNING * * *
You feel much better.
A nearby plant withers and dies.
The death yak gores you but does no damage.
The death yak completely misses you.
The death yak gores you but does no damage. x2
Polyphemus hits you! x2
You puncture the death yak! You burn the death yak.
Your headbutt misses the death yak.
The death yak is severely wounded.
A nearby plant withers and dies. x2; Polyphemus hits you!
* * * LOW HITPOINT WARNING * * *
Polyphemus hits you but does no damage. The death yak barely misses you.
The death yak gores you but does no damage.
The death yak gores you!
* * * LOW HITPOINT WARNING * * *
The death yak gores you!
* * * LOW HITPOINT WARNING * * *
You bump into the rock wall.
Polyphemus hits you but does no damage. Polyphemus barely misses you.
The death yak gores you but does no damage. x2
The death yak gores you!
* * * LOW HITPOINT WARNING * * *
The death yak gores you but does no damage.
Polyphemus hits you but does no damage. Polyphemus hits you.
* * * LOW HITPOINT WARNING * * *
You puncture Polyphemus! You burn Polyphemus. You headbutt Polyphemus.
Polyphemus is lightly wounded.
The death yak gores you but does no damage.
Polyphemus hits you!!!
You die...

≈≈≈≈≈≈≈≈≈≈........≈≈≈
≈≈.....≈≈........≈≈≈≈≈
≈≈.....≈≈......≈≈≈≈≈≈≈
≈≈≈≈..............≈P≈≈≈≈
≈≈≈ #...[..≈≈...≈≈≈≈≈≈
..≈.###.....≈≈.....P≈≈≈≈
..P.#...........H..≈≈≈≈≈≈#
P.......#.).##.YYY..≈≈≈≈≈#
..<(PPP.....####@...≈≈≈≈≈#
..≈≈≈≈≈.....# #CY.≈≈≈≈≈≈#
P.#.P§.Y†...####....≈≈≈≈≈#
. #.......)..#......≈≈≈≈≈#
...HH.≈.............≈≈≈≈≈#
≈.§...≈≈............≈≈≈≈≈#
§≈≈≈..≈≈≈≈..C....≈..≈≈≈≈≈#
H≈≈...≈≈≈...≈≈...P≈≈≈≈≈≈≈#
≈≈≈........<≈≈PP..P≈≈≈≈≈≈#


You could see Polyphemus (berserk), 4 death yaks and a harpy.

Vanquished Creatures
  Kirke (Shoals:2)
  Louise (Shoals:2)
  2 ettins (D:14)
  2 merfolk impalers
  6 boulder beetles
  5 hydras
  A catoblepas (Shoals:3)
  2 alligator snapping turtles
  7 centaur warriors
  A merfolk aquamancer (Shoals:2)
  8 two-headed ogres
  A deep elf knight (D:11)
  6 sea snakes
  An iron troll (D:13)
  8 skeletal warriors
  A glowing orange brain (D:14)
  A lindwurm (D:13)
  A wizard (D:14)
  3 deep elf pyromancers
  6 harpies
  A deep elf archer (D:14)
  6 ugly things (D:13)
  3 manticores
  A manticore (shapeshifter) (D:13)
  6 cyclopes
  3 black mambas
  2 water nymphs (Shoals:2)
  2 merfolk sirens
  2 gargoyles (D:12)
  A guardian serpent (D:12)
  Psyche (D:10)
  8 cane toads
  A freezing wraith (D:12)
  2 queen bees
  A polar bear (Lair:1)
  4 trolls
  3 wind drakes
  8 meliai (D:14)
  Grinder (D:6)
  3 slime creatures (D:13)
  4 merfolk
  2 hornets
  5 blink frogs (Lair:1)
  2 snapping turtles
  Sigmund (D:5)
  4 shadows
  6 water elementals
  2 wraiths
  3 wyverns
  15 yaks
  5 hogs (Shoals:2)
  A steam dragon (D:7)
  4 basilisks
  Menkaure (D:7)
  7 vampire mosquitoes
  9 water moccasins
  3 acid dragons
  4 ice beasts
  A sky beast (D:6)
  3 orc warriors
  2 ogres (D:5)
  2 black bears
  A boggart (D:14)
  5 centaurs
  5 wolves (Lair:1)
  2 phantoms
  4 kobold brigands
  6 bullfrogs
  A gnoll sergeant (D:6)
  A scorpion (D:6)
  17 wights
  56 killer bees
  6 electric eels (D:13)
  5 howler monkeys
  A crimson imp (D:8)
  5 jellies
  Crazy Yiuf (D:6)
  9 orc priests
  3 gnoll shamans
  3 hounds
  3 iguanas
  12 orc wizards
  22 gnolls
  8 adders
  A white imp (D:5)
  2 ufetubi
  2 worms
  3 dart slugs
  61 orcs
  8 ball pythons
  4 endoplasms
  4 giant cockroaches
  6 goblins
  15 hobgoblins
  21 kobolds
  4 quokkas
  11 bats
  3 frilled lizards
  A rat (D:2)
531 creatures vanquished.

Vanquished Creatures (others)
  An unseen horror (D:12)
  2 demonic plants (D:1)
  A fungus (D:1)
  30 plants
  A withered plant (D:1)
35 creatures vanquished.

Grand Total: 566 creatures vanquished

Notes
Turn   | Place    | Note
-------+----------+-------------------------------------------
     0 | D:1      | Rappanathuk the Hill Orc Fighter began the quest for the
                  | Orb.
     0 | D:1      | Reached XP level 1. HP: 19/19 MP: 1/1
    42 | D:1      | Found a faded altar of an unknown god.
   155 | D:1      | Reached XP level 2. HP: 22/27 MP: 2/2
   607 | D:1      | Reached XP level 3. HP: 33/33 MP: 3/3
  1455 | D:2      | Reached XP level 4. HP: 36/40 MP: 4/4
  2197 | D:3      | Found Viuqo's Armour Shoppe.
  2215 | D:3      | Noticed an ice beast
  2231 | D:3      | Reached XP level 5. HP: 42/47 MP: 5/5
  2233 | D:3      | Killed an ice beast
  2234 | D:3      | Reached skill level 5 in Axes
  2234 | D:3      | Reached skill level 1 in Dodging
  2358 | D:3      | Reached skill level 1 in Throwing
  2358 | D:3      | Reached XP level 6. HP: 49/53 MP: 6/6
  3259 | D:4      | Identified the +8 trident "Gaipp" {flame, *Noise +Blink
                  | rElec MP-9}
  3379 | D:4      | Reached XP level 7. HP: 60/60 MP: 0/7
  3548 | D:4      | Reached skill level 1 in Polearms
  3854 | D:5      | Entered Level 5 of the Dungeon
  3941 | D:5      | Reached skill level 5 in Fighting
  3960 | D:5      | Noticed a troll
  3962 | D:5      | Reached skill level 5 in Armour
  3979 | D:4      | Reached XP level 8. HP: 23/68 MP: 0/8
  4235 | D:5      | Found a glowing drain.
  4287 | D:5      | Noticed a wyvern
  4291 | D:5      | Killed a wyvern
  4864 | D:5      | Killed a troll
  4865 | D:5      | Reached skill level 5 in Polearms
  5034 | D:5      | Noticed Sigmund
  5036 | D:5      | Killed Sigmund
  5067 | D:5      | Reached XP level 9. HP: 74/75 MP: 0/9
  5332 | D:6      | Found a staircase to the Ecumenical Temple.
  5442 | D:6      | Noticed Grinder
  5449 | D:6      | Paralysed by Grinder for 4 turns
  5472 | D:6      | Killed Grinder
  5680 | D:6      | Found a runed translucent door.
  5681 | D:6      | Noticed Crazy Yiuf
  5688 | D:6      | Killed Crazy Yiuf
  5944 | D:6      | Identified 2 scrolls of acquirement
  5944 | D:6      | Acquired the ring "Oblyorgh" {rPois Int+2 Dex+2}
  5949 | D:6      | Acquired the +6 crystal plate armour of Curiosity {Regen+
                  | Int+4}
  6159 | D:7      | Reached skill level 5 in Shields
  6443 | D:7      | Noticed Menkaure
  6448 | D:7      | Killed Menkaure
  6512 | D:7      | Reached skill level 5 in Throwing
  6535 | D:7      | Reached XP level 10. HP: 84/84 MP: 1/10
  7458 | D:8      | Found a roughly hewn altar of Beogh.
  8041 | D:8      | Found a shimmering altar of Xom.
  8041 | D:8      | Found a burning altar of Makhleb.
  8656 | D:9      | Found a staircase to the Orcish Mines.
  8671 | D:9      | Noticed a two-headed ogre
  8679 | D:9      | Killed a two-headed ogre
  8680 | D:9      | Reached skill level 10 in Polearms
  9019 | D:10     | Entered Level 10 of the Dungeon
  9153 | D:10     | Reached XP level 11. HP: 82/92 MP: 2/11
  9211 | D:10     | Found a staircase to the Lair.
  9426 | D:10     | Noticed Psyche
  9435 | D:10     | Killed Psyche
 10192 | D:11     | Found Sidohaorghu's Armour Shop.
 10321 | D:11     | Noticed a manticore
 10333 | D:11     | Killed a manticore
 10565 | D:11     | Noticed a two-headed ogre
 10570 | D:11     | Killed a two-headed ogre
 10895 | D:12     | Noticed a two-headed ogre
 10901 | D:12     | Killed a two-headed ogre
 10919 | D:12     | Found Soest's Antique Armour Boutique.
 10926 | D:12     | Bought a runed cloak for 255 gold pieces
 10984 | D:12     | Noticed a two-headed ogre
 10992 | D:12     | Killed a two-headed ogre
 11089 | D:12     | Noticed a two-headed ogre
 11089 | D:12     | Noticed a skeletal warrior
 11093 | D:12     | Noticed a skeletal warrior
 11093 | D:12     | Noticed a skeletal warrior
 11096 | D:12     | Noticed a skeletal warrior
 11098 | D:12     | Killed a two-headed ogre
 11150 | D:11     | Killed a skeletal warrior
 11151 | D:11     | Reached skill level 1 in Evocations
 11243 | D:12     | Noticed a two-headed ogre
 11244 | D:12     | Noticed a skeletal warrior
 11259 | D:12     | Killed a two-headed ogre
 11267 | D:12     | Identified the +7 great sword "Goalalu" {freeze, rF+}
 11267 | D:12     | Noticed a deep elf pyromancer
 11276 | D:12     | Killed a deep elf pyromancer
 11277 | D:12     | Reached XP level 12. HP: 46/103 MP: 3/12
 11426 | D:12     | Noticed a boulder beetle
 11447 | D:12     | Killed a boulder beetle
 11478 | D:12     | Noticed a deep elf knight
 11504 | D:11     | Killed a deep elf knight
 11551 | D:12     | Reached skill level 10 in Armour
 12046 | D:12     | Gained mutation: Your magical capacity is low. (-10% MP)
                  | [potion of mutation]
 12046 | D:12     | Gained mutation: You have a pair of small horns on your
                  | head. [potion of mutation]
 12153 | D:13     | Noticed a centaur warrior
 12162 | D:13     | Noticed a seven-headed hydra
 12166 | D:13     | Killed a centaur warrior
 12768 | D:13     | Reached XP level 13. HP: 112/112 MP: 2/11
 13158 | D:13     | Reached skill level 10 in Fighting
 13596 | D:13     | Found a gate to the Vaults.
 14247 | D:14     | Identified the +1 robe of Ashenzari's Fury {Dex+4}
 14349 | D:14     | Found a sacrificial altar of Ru.
 14597 | D:14     | Reached skill level 10 in Throwing
 15276 | D:14     | Reached XP level 14. HP: 122/125 MP: 3/12
 15298 | D:14     | Reached skill level 1 in Stealth
 15850 | Lair:1   | Entered Level 1 of the Lair of Beasts
 18059 | Lair:2   | Found a staircase to the Shoals.
 18300 | Shoals:1 | Entered Level 1 of the Shoals
 18638 | Shoals:1 | Found a frozen archway.
 18712 | Shoals:1 | Identified the +0 leather armour of Ucroen {+Inv rElec
                  | Dex-5}
 19678 | Shoals:2 | Found Asahan's Weapon Boutique.
 19682 | Shoals:2 | Bought a +6 war axe of venom for 579 gold pieces
 19692 | Shoals:2 | Reached XP level 15. HP: 137/137 MP: 4/13
 19829 | Shoals:2 | Found Ekhlysup's Magic Scroll Shop.
 19831 | Shoals:2 | Found Zomuaq's Weapon Emporium.
 19834 | Shoals:2 | Found Xyonoul's Armour Shoppe.
 19859 | Shoals:2 | Bought a scroll of enchant weapon for 127 gold pieces
 20188 | Shoals:2 | Noticed Kirke
 20555 | Shoals:2 | Noticed Louise
 20569 | Shoals:2 | Killed Louise
 21032 | Shoals:2 | Killed Kirke
 21534 | Shoals:3 | Reached skill level 10 in Shields
 21534 | Shoals:3 | Noticed Polyphemus
 21548 | Shoals:3 | HP: 6/138 [death yak[Polyphemus] (15)]
 21549 | Shoals:3 | Annihilated by Polyphemus

Illustrated notes

Levels and vault maps discovered:
D:1:      eino_arrival_cavern_b, layout_basic, shapermc_ecumenical_altar_gd
D:2:      layout_basic, minmay_tall_x
D:3:      layout_basic, serial_shops, shop_statue
D:4:      minmay_bubble_buster, layout_cave_pools, minmay_misc_feat_hallway,
          minmay_misc_feat_chi
D:5:      layout_loops_ring, cheibrodos_sewer_entry_sluice, uniq_sigmund
D:6:      layout_cave_pools, minmay_temple_entry_waves, kennysheep_crisscross,
          uniq_crazy_yiuf_cottage, uniq_grinder
D:7:      layout_cave_pools, grunt_ministairs_10, uniq_menkaure
D:8:      layout_loops_ring, grunt_temple_overflow_champion_of_chaos,
          special_room [special_room_orc]
D:9:      layout_cave_pools, orc_0_dummy
D:10:     layout_long_grid, lair_entry_dummy, uniq_psyche
D:11:     layout_irregular_city, serial_shops, nicolae_shop_statue_plus
D:12:     minmay_blocky_corners, layout_rooms, serial_shops, shop,
          serial_park_tiny_pond, nrook_guardian_serpent_double
D:13:     layout_basic, david_vaults_4
D:14:     regret_index_combs_of_tragedy, layout_rooms,
          nicolae_ru_great_annihilating_truth
Lair:1:   layout_small_grid, special_room [special_room_bee],
          lightli_volcano_entry_magma_tube, grunt_megastairs_1
Lair:2:   layout_big_grid, minmay_shoals_entry_lonely_mermaid
Shoals:1: layout_shoals, portal_ice_cave_entry_pillars_four
Shoals:2: layout_shoals, serial_shops, nicolae_shop_hallway_stairs, shop, shop,
          shop, ldierk_geyser, uniq_louise, uniq_kirke
Shoals:3: layout_shoals, uniq_polyphemus, uniq_ilsuiw

Skill      XL: |  1  2  3  4  5  6  7  8  9 10 11 12 13 14 15 |
---------------+----------------------------------------------+-----
Fighting       | 4 5 6 7 8 9 11 13 14 | 14.2
Axes           | 3 4 5 6 8 |  8.8
Armour         | 4 5 6 7 9 11 12 14 | 14.5
Dodging        | 1 2 |  2.0
Throwing       | 1 2 3 5 7 8 9 10 11 | 11.4
Shields        | 4 5 6 7 9 10 | 10.0
Polearms       | 3 6 8 10 11 13 | 13.5
Evocations     | 1 2 |  2.5
Stealth        | 1 |  1.2

Action                   |  1- 3 |  4- 6 |  7- 9 | 10-12 | 13-15 || total
-------------------------+-------+-------+-------+-------+-------++-------
Melee: War axe           |    72 |   153 |       |       |   119 ||   344
       Trident           |       |     6 |   204 |   446 |   865 ||  1521
       Headbutt          |       |       |       |    13 |   218 ||   231
Throw: Stone             |       |     6 |       |       |       ||     6
       Boomerang         |       |     8 |    85 |   153 |   137 ||   383
       Javelin           |       |       |     7 |     9 |       ||    16
       Dart              |       |       |       |     5 |    17 ||    22
Evoke: Wand              |       |       |       |    19 |     3 ||    22
       Lightning rod     |       |       |       |     4 |       ||     4
  Use: Potion            |       |     1 |     5 |     9 |     9 ||    24
       Scroll            |       |       |    17 |     9 |     5 ||    31
 Stab: Paralysed         |       |       |       |       |     1 ||     1
Armor: Scale mail        |    30 |       |       |       |       ||    30
       Chain mail        |     6 |   109 |    44 |       |       ||   159
       Crystal plate arm |       |       |    89 |   366 |   676 ||  1131
       Plate armour      |       |       |    13 |       |       ||    13
Dodge: Dodged            |    34 |    63 |    41 |    88 |   174 ||   400
Block: Buckler           |    20 |    40 |    50 |   105 |   198 ||   413
       Tower shield      |       |       |       |       |    67 ||    67

Table legend: (Time is in decaauts)
 A = Elapsed time spent in this place.
 B = Non-inter-level travel time spent in this place.
 C = Inter-level travel time spent in this place.
 D = Time resting spent in this place.
 E = Time spent auto-exploring this place.
 F = Levels seen in this place.
 G = Mean time per level.
                   A        B        C        D        E       F      G
               +--------+--------+--------+--------+--------+-----+--------+
         Total |  21359 |  20199 |   1160 |   6313 |   5853 |  19 | 1124.2 |
       Dungeon |  15775 |  15025 |    750 |   4705 |   4723 |  14 | 1126.8 |
          Lair |   2344 |   2215 |    129 |    703 |    967 |   2 | 1172.0 |
        Shoals |   3239 |   2959 |    280 |    905 |    162 |   3 | 1079.7 |
               +--------+--------+--------+--------+--------+-----+--------+

Top non-repeatable levels by time:
    D:13: 2059 daAuts
Shoals:2: 1577 daAuts
     D:8: 1457 daAuts
Shoals:1: 1368 daAuts
    D:14: 1333 daAuts
     D:1: 1284 daAuts
  Lair:1: 1250 daAuts
     D:4: 1242 daAuts
    D:12: 1177 daAuts
     D:5: 1158 daAuts
  Lair:2: 1094 daAuts
     D:7: 1063 daAuts
    D:10: 1045 daAuts
    D:11: 1032 daAuts
     D:2: 903 daAuts
